 Dungeon Crawl Stone Soup version 0.31-a0-636-ge1c0e020e0 (webtiles) character file.

Game seed: 9184850557673514405

404 LobsterGuardian the Cudgeller (level 6, -4/49 (50) HPs)
             Began as a Minotaur Artificer on Aug 27, 2023.
             Slain by a wight
             ... wielding a +5 great sword of freezing
              (13 damage)
             ... on level 4 of the Dungeon.
             The game lasted 00:06:31 (3155 turns).

LobsterGuardian the Cudgeller (Minotaur Artificer)  Turns: 3155, Time: 00:06:32

HP:   -4/49 (50)    AC:  3    Str: 19    XL:     6   Next: 56%
MP:   5/5           EV: 12    Int:  8    God:
Gold: 209           SH:  0    Dex: 10    Spells: 5/5 levels left

rFire   . . .        a - +0 club
rCold   . . .        (no shield)
rNeg    . . .        b - +0 leather armour
rPois   .            (helmet restricted)
rElec   .            (no cloak)
rCorr   .            (no gloves)
SInv    .            (no boots)
Will    .....        (no amulet)
Stlth   +            g - +4 ring of slaying
HPRegen 0.28/turn    (no ring)
MPRegen 0.09/turn

%: no passive effects
@: about to teleport, lightly drained
A: horns 2, retaliatory headbutt
a: no special abilities


You were on level 4 of the Dungeon.
You visited 1 branch of the dungeon, and saw 5 of its levels.

You collected 209 gold pieces.

Inventory:

Hand Weapons
 a - a +0 club (weapon)
Missiles
 p - 2 throwing nets
Armour
 b - a +0 leather armour (worn)
Jewellery
 g - a +4 ring of slaying (left hand)
Wands
 c - a wand of flame (23) (quivered)
 d - a wand of charming (10)
 e - a wand of iceblast (5)
Scrolls
 f - 2 scrolls of teleportation
 l - a scroll of enchant weapon {unknown}
 q - a scroll of immolation {unknown}
Potions
 j - a potion of attraction
 k - 2 potions of magic
 m - a potion of haste
 n - 3 potions of curing
 o - 3 potions of enlightenment
 r - a potion of lignification


   Skills:
 + Level 2.4 Fighting
 * Level 5.6 Maces & Flails
 + Level 3.7 Armour
 + Level 2.4 Dodging
 - Level 1.0 Stealth
 + Level 3.7 Evocations


You had 5 spell levels left.
You didn't know any spells.
Your spell library contained the following spells:

 Spells                   Type           Power      Damage    Failure   Level
 Manifold Assault         Tloc           0%         N/A       99%         4
 Dispersal                Tloc           0%         N/A       100%        6
 Disjunction              Tloc           0%         N/A       100%        8


Dungeon Overview and Level Annotations

Branches:
Dungeon (5/15)
 Temple: D:4-7

Altars:
Sif Muna

Shops:
D:4 *


Innate Abilities, Weirdness & Mutations

You have a pair of horns on your head.
You reflexively headbutt those who attack you in melee.


Message History

Unknown command.
You closely miss the ufetubus.
The ufetubus is almost dead.
The ufetubus hits you.
* * * LOW HITPOINT WARNING * * *
The ufetubus hits you.
* * * LOW HITPOINT WARNING * * *
You barely miss the ufetubus.
The ufetubus is almost dead.
The ufetubus closely misses you. You furiously retaliate!
You headbutt the ufetubus!
You kill the ufetubus!
Your extra speed is starting to run out.
You feel yourself slow down.
HP restored.
Done exploring.
You see here a +0 whip.
You enter the shallow water.
Moving in this stuff is going to be slow.
There is a stone staircase leading down here.
You climb downwards.
The wight closely misses you.
Found a scroll labelled INWIWKOIFOF.
Found an escape hatch in the ceiling.
There is a stone staircase leading up here.
Unknown command.
The wight hits you with a +4 flail!
The wight hits you with a +5 great sword of freezing!!
The wight freezes you.
* * * LOW HITPOINT WARNING * * *
The wight closely misses you.
You climb upwards.
There is a stone staircase leading down here.
Unknown command.
Unknown command.
As you read the scroll of teleportation, it crumbles to dust.
You feel strangely unstable. The wight hits you with a +4 flail.
* * * LOW HITPOINT WARNING * * *
You feel drained.
* * * LOW HITPOINT WARNING * * *
The wight hits you with a +5 great sword of freezing!
You die...

#...∩...# #†#
#..#.#..# #.#
#.#...#.#######.#
#.......#.....).#
#.#######.##########
#.# #....<.....# #.#
##########.#
#.########## #.#
#.z@zz.....# #.#
##########.# #.# #.#
#.# #.# #.# #.# #.#
#.# #.# #.# #.#
#.#######.#
#.........#


You could see 3 wights.

Vanquished Creatures
  Grinder (D:3)
  An orc priest (D:5)
  A gnoll bouda (D:4)
  An orc wizard (D:3)
  2 gnolls (D:4)
  An ufetubus (D:4)
  5 worms
  2 dart slugs
  3 orcs (D:3)
  11 ball pythons
  5 bats
  6 endoplasms
  5 giant cockroaches
  3 goblins
  8 hobgoblins
  8 jackals
  2 quokkas (D:3)
  12 kobolds
  7 rats
84 creatures vanquished.

Vanquished Creatures (others)
  2 gnolls (D:4)
  An orc (D:5)
3 creatures vanquished.

Grand Total: 87 creatures vanquished

Notes
Turn   | Place    | Note
-------+----------+-------------------------------------------
     0 | D:1      | LobsterGuardian the Minotaur Artificer began the quest for
                  | the Orb.
     0 | D:1      | Reached XP level 1. HP: 16/16 MP: 0/0
   174 | D:1      | Reached XP level 2. HP: 22/23 MP: 1/1
   565 | D:2      | Reached skill level 1 in Maces & Flails
   877 | D:2      | Reached XP level 3. HP: 23/28 MP: 2/2
  1114 | D:2      | Reached skill level 2 in Maces & Flails
  1445 | D:3      | Reached XP level 4. HP: 34/35 MP: 3/3
  1636 | D:3      | Noticed Grinder
  1636 | D:3      | Paralysed by Grinder for 2 turns
  1645 | D:3      | Killed Grinder
  1646 | D:3      | Reached skill level 4 in Maces & Flails
  1646 | D:3      | Reached skill level 1 in Stealth
  1646 | D:3      | Reached XP level 5. HP: 34/41 MP: 4/4
  1646 | D:3      | Reached XP level 6. HP: 40/48 MP: 5/5
  1798 | D:3      | Reached skill level 5 in Maces & Flails
  2045 | D:3      | Found a shimmering blue altar of Sif Muna.
  2554 | D:4      | Found Goiso's Assorted Antiques.
  2924 | D:5      | Entered Level 5 of the Dungeon
  3155 | D:4      | Slain by a wight

Illustrated notes

Levels and vault maps discovered:
D:1:      spicycebolla_arrival_clurvy, layout_basic
D:2:      minmay_diamond_boxcup, layout_loops_ring, kennysheep_minor_cross,
          hangedman_decor_clover_reticule
D:3:      layout_loops_ring, led_sif_book, minmay_quadrilaterals, uniq_grinder
D:4:      layout_loops_ring, serial_shops, nicolae_shop_advertising_works
          [nicolae_subvault_shop_adworks], serial_bayou, serial_bayou_pond_d,
          serial_bayou_shore_a, serial_bayou_crossing, serial_bayou_lake_a
D:5:      layout_basic, slow_altar_2, nicolae_custom_books

Skill      XL: |  1  2  3  4  5  6 |
---------------+-------------------+-----
Evocations     | 3 |  3.7
Maces & Flails | 1 2 4 5 |  5.6
Fighting       | 2 |  2.4
Armour         | 3 |  3.7
Dodging        | 2 |  2.4
Stealth        | 1 |  1.0

Action                     |  1- 3 |  4- 6 || total
---------------------------+-------+-------++-------
  Melee: Club              |    92 |    61 ||   153
         Headbutt          |    14 |    13 ||    27
         Punch             |     1 |     1 ||     2
  Evoke: Wand              |     4 |    14 ||    18
    Use: Scroll            |     3 |     7 ||    10
         Potion            |       |     1 ||     1
   Stab: Sleeping          |     1 |       ||     1
 Armour: Leather armour    |    23 |    14 ||    37
  Dodge: Dodged            |    48 |    43 ||    91

Table legend: (Time is in decaauts)
 A = Elapsed time spent in this place.
 B = Non-inter-level travel time spent in this place.
 C = Inter-level travel time spent in this place.
 D = Time resting spent in this place.
 E = Time spent auto-exploring this place.
 F = Levels seen in this place.
 G = Mean time per level.
                   A        B        C        D        E       F      G
               +--------+--------+--------+--------+--------+-----+--------+
         Total |   3205 |   3062 |    143 |      0 |   2569 |   5 |  641.0 |
       Dungeon |   3205 |   3062 |    143 |      0 |   2569 |   5 |  641.0 |
               +--------+--------+--------+--------+--------+-----+--------+

Top non-repeatable levels by time:
     D:4: 1077 daAuts
     D:2: 840 daAuts
     D:3: 794 daAuts
     D:1: 477 daAuts
     D:5: 16 daAuts
